 Dungeon Crawl Stone Soup version 0.18-a0-1577-gf591c28 (webtiles) character file.

2412894 simok the Merry Ghoul (level 27, 271/271 HPs)
             Began as a Ghoul Monk on Mar 23, 2016.
             Was the Champion of Cheibriados.
             Escaped with the Orb
             ... and 4 runes on Mar 24, 2016!
             The game lasted 07:30:21 (71111 turns).

simok the Merry Ghoul (Ghoul Monk)                 Turns: 71111, Time: 07:30:22

Health: 271/271    AC: 45    Str: 42    XL:     27
Magic:  41/41      EV: 22    Int: 20    God:    Cheibriados [******]
Gold:   3183       SH:  8    Dex: 32    Spells: 7 memorised, 19 levels left

rFire  + + .     SeeInvis +     a - +9 longbow (freeze)
rCold  + + .     Gourm    .     f - +12 gold dragon armour
rNeg   + + +     Faith    .     (shield currently unavailable)
rPois  ∞         Spirit   .     B - +0 mask of the Dragon {MR+ Slay+3 SInv}
rElec  .         Dismiss  .     M - +2 cloak {MR+}
rCorr  .         Reflect  +     s - +2 pair of gloves {archery}
SustAt .         Harm     .     L - +2 pair of boots
MR     ++++.                    y - brooch of Shielding {Reflect SH+8}
Stlth  ..........               G - ring of Fedhas's Hope {rPois MP+9 Str+5 Slay+3}
                                R - ring of protection from fire

@: rotting, very slow, incredibly resistant to hostile enchantments, extremely
unstealthy
A: rotting body, claws 1, carnivore 3, cold resistance 1, negative energy
resistance 3, slow regeneration 1, torment resistance, unbreathing
a: Bend Time, Temporal Distortion, Slouch, Step From Time, Renounce Religion
0: Orb of Zot
}: 4/15 runes: serpentine, barnacled, slimy, silver


You escaped.
You worshipped Cheibriados.
Cheibriados was exalted by your worship.
You were not hungry.

You visited 11 branches of the dungeon, and saw 58 of its levels.
You visited 3 bazaars.
You also visited: Labyrinth and Volcano.

You collected 8716 gold pieces.
You spent 5533 gold pieces at shops.

Inventory:

Hand Weapons
 a - a +9 longbow of freezing (weapon)
Missiles
 n - 542 arrows (quivered)
Armour
 f - a +12 gold dragon armour (worn)
 r - the +10 plate armour "Feneh" {rCorr Str-3 Int+6 Dex+4}
   (You bought it in a shop in a bazaar)

   It affects your strength (-3).
   It affects your intelligence (+6).
   It affects your dexterity (+4).
   It protects you from acid and corrosion.
 s - a +2 pair of gloves of archery (worn)
 B - the +0 mask of the Dragon (worn) {MR+ Slay+3 SInv}
   (You acquired it on level 6 of the Lair of Beasts)

   It affects your accuracy and damage with ranged weapons and melee attacks
   (+3).
   It affects your resistance to hostile enchantments.
   It lets you see invisible.
 L - a +2 pair of boots (worn)
 M - a +2 cloak of magic resistance (worn)
Jewellery
 e - the ring of Odeluhaj {-Tele MR++ Int-2 Dex+9 SInv}
   (You bought it in a shop on level 1 of the Orcish Mines)

   [ring of see invisible]

   It affects your intelligence (-2).
   It affects your dexterity (+9).
   It affects your resistance to hostile enchantments.
   It lets you see invisible.
   It prevents most forms of teleportation.
 t - the ring of Coph {SustAt rF- rC++ rN+ Int+4}
   (You found it on level 2 of the Depths)

   [ring of sustain attributes]

   It sustains your strength, intelligence and dexterity.
   It affects your intelligence (+4).
   It makes you vulnerable to fire.
   It greatly protects you from cold.
   It protects you from negative energy.
 y - the brooch of Shielding (around neck) {Reflect SH+8}
   (You found it on level 3 of the Vaults)

   [amulet of reflection]

   It shields you and reflects attacks.
   It affects your SH (+8).
 G - the ring of Fedhas's Hope (right hand) {rPois MP+9 Str+5 Slay+3}
   (You found it on level 6 of the Pits of Slime)

   [ring of strength]

   It affects your strength (+5).
   It affects your accuracy and damage with ranged weapons and melee attacks
   (+3).
   It protects you from poison.
   It affects your magic capacity (+9).
 K - the ring "Dugusuuch" {*Tele *Drain rElec Str+3 Int+2}
   (You found it on level 3 of the Elven Halls)

   [ring of teleportation]

   It may teleport you next to monsters.
   It affects your strength (+3).
   It affects your intelligence (+2).
   It insulates you from electricity.
   It causes draining when unequipped.
 P - a +5 ring of protection
 Q - the ring of the Harvest {rPois MR+ EV+2 Dex+4}
   (You took it off a deep elf archer on level 3 of the Elven Halls)

   [ring of evasion]

   It affects your evasion (+2).
   It affects your dexterity (+4).
   It protects you from poison.
   It affects your resistance to hostile enchantments.
 R - a ring of protection from fire (left hand)
 Y - the amulet "Kosoet" {rC++ Regen+ MP+9}
   (You found it on level 3 of the Elven Halls)

   [amulet of regeneration]

   It greatly protects you from cold.
   It affects your magic capacity (+9).
   It increases your rate of regeneration.
Wands
 o - a wand of heal wounds (8/9)
 q - a wand of lightning (3/15)
 N - a wand of teleportation (6/9)
 T - a wand of teleportation (7/9)
 Z - a wand of digging (15/24)
Scrolls
 d - 26 scrolls of remove curse
 g - 11 scrolls of recharging
 h - 12 scrolls of fog
 j - 11 scrolls of teleportation
 k - 2 scrolls of summoning
 l - 3 scrolls of enchant armour
 m - 4 scrolls of magic mapping
 u - 3 scrolls of silence
 x - 19 scrolls of identify
 E - 5 scrolls of blinking
 F - a scroll of holy word
 I - 6 scrolls of fear
 X - 2 scrolls of amnesia
Potions
 c - 13 potions of curing
 i - 5 potions of might
 z - 2 potions of invisibility
 A - 4 potions of cancellation
 D - 3 potions of heal wounds
 H - a potion of brilliance
 J - 6 potions of magic
 S - 2 potions of flight
 V - a potion of resistance
Miscellaneous
 p - a sack of spiders
 W - 5 phantom mirrors
Comestibles
 b - 42 meat rations


   Skills:
 - Level 26.9 Fighting
 O Level 27 Bows
 + Level 18.2 Armour
 - Level 13.0 Dodging
 - Level 2.1 Stealth
 - Level 18.1 Unarmed Combat
 - Level 7.0 Spellcasting
 - Level 9.4 Charms
 - Level 12.8 Translocations
 - Level 6.0 Air Magic
 - Level 13.1 Invocations
 - Level 1.7 Evocations


You had 19 spell levels left.
You knew the following spells:

 Your Spells              Type           Power        Failure   Level  Hunger
a - Blink                 Tloc           N/A          1%          2    None
b - Deflect Missiles      Chrm/Air       #####.....   100%        6    ######.
c - Portal Projectile     Tloc           ######       1%          3    #......
d - Teleport Other        Tloc           ######..     1%          3    #......
e - Apportation           Tloc           ######....   1%          1    None
f - Passage of Golubria   Tloc           N/A          2%          4    ###....
g - Repel Missiles        Chrm/Air       #####.       3%          2    None


Dungeon Overview and Level Annotations

Branches:
Dungeon (15/15)            Temple (1/1) D:4            Lair (8/8) D:9
 Shoals (4/4) Lair:6        Snake (4/4) Lair:4        Slime (6/6) Lair:6
    Orc (2/2) D:12            Elf (3/3) Orc:2        Vaults (5/5) D:14
  Crypt (0/3) Vaults:2     Depths (5/5) D:15            Zot (5/5) Depths:5

Altars:
Ashenzari
Cheibriados
Dithmenos
Elyvilon
Fedhas
Gozag
Kikubaaqudgha
Makhleb
Nemelex Xobeh
Okawaru
Pakellas
Qazlal
Ru
Sif Muna
Trog
Vehumet
Xom
Yredelemnul
Zin
The Shining One
Beogh
Jiyva
Lugonu

Shops:
D:9 ?=   D:15 *   Orc:1 =   Orc:2 *:(}   Elf:2 *?[:   Elf:3 }   Shoals:1 :
Snake:1 =   Snake:3 [   Snake:4 [:**   Vaults:1 (   Vaults:2 *

Portals:
Hell: Depths:1 Depths:2 Depths:3 Depths:4 Depths:5
Abyss: Depths:4
Pandemonium: Depths:3 Depths:5
Ziggurat: Depths:1
Trove: Elf:1 (give +3 gold dragon armour)

Annotations:
Elf:2 2 runed doors


Innate Abilities, Weirdness & Mutations

Your body is rotting away.
You thrive on raw meat.
You are immune to poison.
You have sharp fingernails.
You are carnivorous and can eat meat at any time.
Your flesh is cold resistant.
You are immune to negative energy.
You regenerate slowly when monsters are visible.
You are immune to unholy pain and torment.
You can survive without breathing.


Message History

The arrow freezes the hellwing.
You kill the hellwing!
Cheibriados thoroughly appreciates the change of pace.
Firing (i - inventory):
n - 541 arrows (quivered)
Press: ? - help, Shift-Dir - straight line, f - smoke demon
Aim: a smoke demon You shoot an arrow.
The arrow hits the smoke demon!!!
The arrow freezes the smoke demon!!
You kill the smoke demon!
Cheibriados appreciates the change of pace.
n - 542 arrows (gained 2)
There is a stone staircase leading up here.
You climb upwards.
There is a stone staircase leading down here.
HP restored.
You see here a +0 robe.
There is an open door here.
There is an open door here.
There is a staircase leading out of the dungeon here.
You have escaped!

.##.#
##...#####.........#
....# ##.## #..##.##..#
...## #.# #.........#
...# #.# ##....##.## ..##
#+# #..####.# ..#
#################.# #.#
##.#.........#.....# #.#
##.)#...###...#.#####
..###...'...#.#.@.#...#
....'...#...###...#...###
..###...#.........#.....#
#.####..###########...#.#
.....##.....# #.##.#..#.#
#.##.###...## #.....).#.#
#.##.# ##'## ####......#
..##.# #.# ###.####
####.# #.# #.#


There were no monsters in sight!

Vanquished Creatures
  Dissolution (Slime:3)
  the Royal Jelly (Slime:6)
  9 ancient liches (Zot:5)
  3 orbs of fire
  A pandemonium lord (Zot:2)
  A juggernaut (Depths:5)
  Mennas (Vaults:2)
  Boris (Vaults:5)
  Sojobo (Vaults:3)
  A juggernaut (shapeshifter) (Depths:2)
  Frederick (Vaults:5)
  A caustic shrike (Depths:3)
  4 Killer Klowns (Zot:5)
  A curse toe (Zot:2)
  A golden dragon (shapeshifter) (Zot:2)
  Jory (Vaults:2)
  Xtahua (Vaults:5)
  9 golden dragons
  Nikola (Shoals:3)
  4 electric golems
  12 tentacled monstrosities
  The ghost of Scytalen the Shatterer, an adept OgCK of Xom (Snake:1)
  An Ice Fiend (Depths:4)
  A Hell Sentinel (Zot:4)
  28 Orb Guardians
  2 liches
  4 quicksilver dragons
  6 titans (Vaults:5)
  2 deep elf blademasters (Elf:3)
  24 acid blobs
  2 Shadow Fiends
  A deep elf master archer (Elf:3)
  3 krakens
  8 death cobs
  12 sphinxes
  19 storm dragons
  Frances (Snake:1)
  The ghost of PeterLawrence the Warrior, an adept MiFi of Okawaru (D:15)
  Gastronok (D:12)
  17 shadow dragons
  A large abomination (Elf:3)
  Roxanne (Snake:4)
  Agnes (Snake:2)
  8 tengu reavers
  13 azure jellies
  An azure jelly (shapeshifter) (Zot:2)
  Donald (Shoals:1)
  3 draconian monks
  20 greater nagas
  Ilsuiw (Shoals:4)
  3 draconian scorchers
  3 draconian knights
  Maud (Lair:4)
  3 ghost moths
  9 deep elf sorcerers
  Aizul (Snake:1)
  10 fire giants
  A ghost moth (shapeshifter) (Vaults:5)
  A corrupter (D:15)
  2 iron dragons
  A juggernaut zombie (Depths:3)
  An orc warlord (Elf:1)
  9 frost giants
  20 vault wardens
  A deep elf elementalist (Elf:3)
  A cacodemon (Depths:4)
  6 draconian shifters
  A draconian zealot (Zot:3)
  A spriggan defender (Depths:4)
  13 ironheart preservers
  3 draconian annihilators
  18 stone giants
  A stone giant (shapeshifter) (Zot:2)
  9 war gargoyles
  A reaper (Depths:4)
  10 very ugly things
  14 black draconians
  4 draconian callers
  2 grey draconians (Depths:5)
  Nessos (Orc:2)
  A green draconian (shapeshifter) (Zot:2)
  10 deep elf demonologists
  A salamander stormcaller (Vaults:2)
  An apis (shapeshifter) (Depths:2)
  4 green draconians
  15 white draconians
  5 vampire knights
  18 mottled draconians
  A chaos champion (D:15)
  Azrael (Elf:1)
  6 yellow draconians
  A spark wasp (shapeshifter) (Depths:2)
  8 red draconians
  2 lorocyprocas
  6 purple draconians
  11 deep elf annihilators
  8 merfolk javelineers
  A minotaur (Lab)
  Snorg (D:13)
  4 spark wasps (Depths:5)
  17 crystal guardians
  14 ettins
  29 vault guards
  23 fire dragons
  8 death oozes (Slime:6)
  20 yaktaur captains
  10 deep elf death magi
  9 merfolk impalers
  Josephine (Shoals:1)
  18 ogre magi
  7 deep elf high priests
  14 great orbs of eyes
  An entropy weaver (shapeshifter) (Depths:2)
  A hell beast (Zot:4)
  15 ice dragons
  A ghost crab (shapeshifter) (Vaults:5)
  4 rakshasas
  6 entropy weavers
  12 hydras
  An ice dragon (shapeshifter) (Vaults:5)
  18 naga warriors
  Erolcha (D:8)
  3 spriggan air magi
  4 catoblepae
  13 centaur warriors
  5 merfolk aquamancers
  A merfolk avatar (Shoals:3)
  An alligator snapping turtle (Shoals:3)
  4 tengu warriors
  7 anacondas
  3 death knights
  A queen ant (shapeshifter) (Depths:2)
  4 satyrs
  Erica (D:8)
  10 deep troll shamans
  41 dancing weapons
  A vampire mage (Depths:5)
  10 deep troll earth magi
  6 spriggan berserkers
  15 death yaks
  9 naga sharpshooters
  Urug (D:15)
  The ghost of Nico3ck the Carver, a novice DsBe of Trog (D:8)
  A hell hog (shapeshifter) (Depths:2)
  20 deep elf knights
  The ghost of miau the Thaumaturge, a journeyman FeWz of Vehumet (Lair:1)
  A sun demon (D:12)
  7 shock serpents
  4 fire crabs
  A spriggan (Depths:5)
  A shadow wraith (Vaults:2)
  9 skeletal warriors
  6 iron trolls
  Nergalle (Lair:4)
  3 salamander mystics
  A fire crab (shapeshifter) (D:14)
  33 deep trolls
  A storm dragon skeleton (Vaults:2)
  2 unseen horrors
  16 sea snakes
  A wizard (Depths:1)
  A gelid demonspawn (D:12)
  12 giant orange brains
  A hell knight (Vaults:5)
  8 naga ritualists
  17 ironbrand convokers
  4 flayed ghosts
  3 obsidian statues (Depths:2)
  2 orange crystal statues
  2 phantasmal warriors
  A putrid demonspawn (D:15)
  An unseen horror (shapeshifter) (Depths:1)
  18 deep elf archers
  8 hill giants
  16 orc knights
  A torturous demonspawn (D:12)
  19 harpies
  3 necromancers
  16 fauns
  A mana viper (shapeshifter) (Vaults:3)
  6 mana vipers
  2 human zombies
  2 wolf spiders (shapeshifter)
  2 orc sorcerers
  11 manticores
  4 wolf spiders
  A stone giant zombie (Vaults:2)
  3 tengu skeletons (Vaults:2)
  67 deep elf magi
  6 shining eyes
  4 hornets
  69 ugly things
  2 statues (D:13)
  An orb spider (Zot:2)
  15 cyclopes
  A manticore (shapeshifter) (Depths:2)
  A faun (shapeshifter) (Depths:4)
  18 griffons
  An octopode (shapeshifter) (Vaults:4)
  A shining eye (shapeshifter) (Vaults:1)
  2 salamanders (shapeshifter)
  31 moths of wrath
  A moth of wrath (shapeshifter) (Vaults:5)
  20 salamanders
  A sphinx skeleton (Vaults:3)
  A hornet (shapeshifter) (D:14)
  Maurice (D:13)
  9 water nymphs
  8 sirens
  17 vault sentinels
  7 elephants
  A frost giant zombie (Vaults:3)
  2 rust devils
  5 centaur zombies
  3 sixfirhies
  A fire giant skeleton (Vaults:2)
  A frost giant skeleton (Vaults:2)
  Psyche (D:8)
  26 guardian serpents
  A molten gargoyle (Depths:2)
  A storm dragon simulacrum (Vaults:3)
  A spiny frog (shapeshifter) (Vaults:2)
  2 water nymphs (shapeshifter) (Depths:2)
  A stone giant skeleton (Vaults:2)
  20 naga magi
  5 gargoyles
  2 torpor snails
  22 spiny frogs
  An orange demon (Depths:5)
  A smoke demon (D:2)
  32 black mambas
  4 eyes of devastation
  An elf skeleton (Depths:3)
  7 komodo dragons
  4 centaur skeletons
  2 kobold demonologists
  A rime drake (shapeshifter) (Depths:3)
  2 tengu conjurers (Depths:3)
  2 yaktaurs (shapeshifter)
  A redback zombie (D:14)
  A tormentor (Zot:2)
  A hellwing (D:2)
  2 ice devils
  12 freezing wraiths
  2 tengu simulacra
  46 yaktaurs
  10 trolls
  A wind drake (Shoals:1)
  A polar bear (shapeshifter) (Vaults:3)
  35 merfolk
  A red devil (D:6)
  7 harpy zombies
  3 giant leeches
  A jumping spider (Depths:4)
  A jumping spider (shapeshifter) (Elf:3)
  2 merfolk (shapeshifter) (Depths:2)
  3 polar bears
  99 slime creatures
  26 blink frogs
  31 two-headed ogres
  A blink frog (shapeshifter) (Elf:3)
  8 boulder beetles
  A hornet zombie (D:15)
  13 snapping turtles
  9 raiju
  12 redbacks
  A ynoxinul (D:10)
  3 shadows
  18 air elementals
  A vampire (D:12)
  10 wraiths
  22 water elementals
  2 tarantellas
  6 wyverns
  A yak (shapeshifter) (Elf:2)
  4 basilisks
  A tarantella (shapeshifter) (Depths:1)
  A hog (shapeshifter) (Vaults:1)
  2 centaur simulacra (D:14)
  The ghost of simok the Poker, an amateur MiHu of Okawaru (D:5)
  A fire bat (shapeshifter) (Vaults:4)
  49 yaks
  11 fire elementals
  2 hungry ghosts
  25 vampire mosquitoes
  3 chaos spawn
  22 hippogriffs
  A human (shapeshifter) (Vaults:4)
  A neqoxec (Zot:3)
  3 wargs
  3 mottled dragons (Depths:5)
  Edmund (D:5)
  3 insubstantial wisps (Depths:2)
  55 nagas
  12 water moccasins
  10 hell hounds
  16 porcupines
  33 orc warriors
  4 sky beasts
  2 wasps
  10 ice beasts
  A black bear (D:9)
  83 ogres
  An elf zombie (Vaults:3)
  6 eyes of draining
  16 boggarts
  An eye of draining (shapeshifter) (Depths:3)
  4 phantoms
  3 necrophages
  26 centaurs
  7 wolves
  2 orc skeletons (Vaults:2)
  18 crocodiles
  A crocodile (shapeshifter) (D:15)
  5 big kobolds
  2 gnoll sergeants
  38 giant frogs
  A giant frog (shapeshifter) (Depths:2)
  A wyvern zombie (D:15)
  12 earth elementals
  5 human skeletons (Vaults:2)
  5 scorpions
  A human simulacrum (Vaults:3)
  A killer bee (shapeshifter) (Depths:2)
  12 killer bees
  7 wights
  6 electric eels
  A howler monkey (D:12)
  7 crimson imps
  2 giant frog zombies (D:12)
  12 hounds
  2 quasits
  30 jellies
  24 orc priests
  Crazy Yiuf (D:4)
  2 gnoll shamans
  Ijyb (D:2)
  3 giant frog skeletons
  An iron imp (Zot:2)
  8 worker ants
  13 iguanas
  26 orc wizards
  Natasha (twice) (D:3)
  4 hell rats (Lair:8)
  37 sheep
  A hound skeleton (D:6)
  Robin (D:2)
  16 gnolls
  6 adders
  37 river rats
  4 shadow imps
  3 white imps
  An ufetubus (D:14)
  6 oozes
  2 adder zombies
  10 ball lightnings (Depths:2)
  3 dart slugs
  8 giant geckos
  77 orcs
  5 bats
  5 giant cockroaches
  22 goblins
  9 hobgoblins
  6 jackals
  5 quokkas
  2 ball pythons (D:1)
  4 giant newts
  25 kobolds
  7 rats
  2 bushes (D:13)
  An eldritch tentacle segment (Zot:2)
  5 plants
  7 tentacles (Shoals:3)
2968 creatures vanquished.

Vanquished Creatures (others)
  A deep elf master archer (Elf:3)
  2 eldritch tentacles
  A fire giant (Vaults:5)
  A draconian knight (Zot:1)
  A war gargoyle (Depths:2)
  A stone giant (Depths:4)
  A draconian caller (Zot:2)
  A dancing weapon (Elf:3)
  2 deep elf archers (Elf:1)
  2 ugly things
  A moth of wrath (Zot:5)
  A yaktaur (Vaults:4)
  A freezing wraith (Vaults:1)
  An air elemental (Depths:2)
  A fire elemental (Depths:2)
  A vampire mosquito (D:14)
  An insubstantial wisp (Depths:2)
  A boggart (Depths:1)
  A centaur (Vaults:4)
  A crocodile (shapeshifter) (D:14)
  A scorpion (D:14)
  A worker ant (D:14)
  2 ball lightnings
  A kobold (D:8)
  A butterfly (Zot:2)
  164 eldritch tentacle segments
  32 fungi
  16 plants
  23 tentacles
  524 tentacle segments
  4 toadstools (Lair:4)
792 creatures vanquished.

Grand Total: 3760 creatures vanquished

Notes
Turn   | Place    | Note
--------------------------------------------------------------
     0 | D:1      | simok the Ghoul Monk began the quest for the Orb.
     0 | D:1      | Reached XP level 1. HP: 19/19 MP: 0/0
    80 | D:1      | Reached XP level 2. HP: 21/26 MP: 1/1
   117 | D:1      | Reached skill level 5 in Unarmed Combat
   451 | D:1      | You fall through a shaft!
   595 | D:1      | Reached XP level 3. HP: 31/31 MP: 2/2
  1790 | D:2      | Reached XP level 4. HP: 34/38 MP: 3/3
  1855 | D:2      | Noticed Ijyb
  1871 | D:2      | Killed Ijyb
  2033 | D:2      | Noticed Robin
  2065 | D:2      | Killed Robin
  2065 | D:2      | Reached XP level 5. HP: 22/45 MP: 4/4
  2211 | D:3      | Found a radiant altar of Vehumet.
  2234 | D:3      | Found a snail-covered altar of Cheibriados.
  2244 | D:3      | Became a worshipper of Cheibriados the Contemplative
  2244 | D:3      | Reached * piety under Cheibriados
  2244 | D:3      | Reached ** piety under Cheibriados
  2385 | D:3      | Found a sparkling altar of Nemelex Xobeh.
  2465 | D:3      | Noticed Natasha
  2469 | D:3      | Killed Natasha
  2481 | D:3      | Found a deep blue altar of Sif Muna.
  2782 | D:3      | Noticed Natasha
  2787 | D:3      | Killed Natasha
  2958 | D:4      | Reached XP level 6. HP: 30/51 MP: 5/5
  3119 | D:4      | Found a staircase to the Ecumenical Temple.
  3129 | Temple   | Entered the Ecumenical Temple
  3267 | D:4      | Noticed Crazy Yiuf
  3274 | D:4      | Killed Crazy Yiuf
  3511 | D:4      | Reached XP level 7. HP: 58/60 MP: 6/6
  3604 | D:4      | Found a sparkling altar of Nemelex Xobeh.
  3737 | D:5      | Entered Level 5 of the Dungeon
  3773 | D:5      | Found a glowing golden altar of the Shining One.
  3773 | D:5      | Found a shadowy altar of Dithmenos.
  3822 | D:5      | Reached skill level 5 in Fighting
  3850 | D:5      | Noticed simok's ghost (amateur MiHu)
  3885 | D:5      | Noticed Edmund
  3906 | D:5      | Killed Edmund
  3906 | D:5      | Reached skill level 1 in Invocations
  3957 | D:5      | Killed simok's ghost
  3957 | D:5      | Reached *** piety under Cheibriados
  4054 | D:5      | Reached XP level 8. HP: 40/67 MP: 9/9
  4278 | D:6      | Reached skill level 5 in Invocations
  4392 | D:6      | Reached skill level 10 in Unarmed Combat
  4651 | D:6      | Found an oddly glowing altar of Pakellas.
  4651 | D:6      | Found a glowing silver altar of Zin.
  4808 | D:6      | Reached **** piety under Cheibriados
  5276 | D:7      | Reached XP level 9. HP: 52/74 MP: 12/12
  5950 | D:7      | Found a deep blue altar of Sif Muna.
  6484 | D:8      | Noticed Nico3ck's ghost (novice DsBe)
  6871 | D:8      | Reached ***** piety under Cheibriados
  6898 | D:8      | Killed Nico3ck's ghost
  7020 | D:8      | Reached XP level 10. HP: 76/81 MP: 15/15
  7123 | D:8      | Noticed Psyche
  7154 | D:8      | Killed Psyche
  7465 | D:8      | Noticed Erolcha
  7469 | D:8      | Killed Erolcha
  7469 | D:8      | Reached skill level 10 in Invocations
  7489 | D:8      | Noticed a seven-headed hydra
  7489 | D:8      | Noticed an ice dragon
  7489 | D:8      | a seven-headed hydra changed into an ice dragon
  7506 | D:8      | HP: 4/84 [ice dragon/blast of cold (21)]
  7508 | D:8      | Killed an ice dragon
  7556 | D:8      | Noticed Erica
  7568 | D:8      | Killed Erica
  7568 | D:8      | Reached XP level 11. HP: 49/94 MP: 18/18
  7861 | D:9      | Found a staircase to the Lair.
  7995 | D:9      | Found Uqaigicu's Jewellery Emporium.
  8200 | D:9      | Found Bekkoth's Magic Scroll Boutique.
  8208 | D:9      | Bought a scroll of identify for 24 gold pieces
  8208 | D:9      | Bought a scroll of teleportation for 36 gold pieces
  8208 | D:9      | Bought a scroll of magic mapping for 42 gold pieces
  8208 | D:9      | Bought a scroll of identify for 24 gold pieces
  8208 | D:9      | Bought a scroll of fear for 42 gold pieces
  8215 | D:9      | Learned a level 2 spell: Blink
  8708 | D:10     | Entered Level 10 of the Dungeon
  8796 | D:10     | Reached ****** piety under Cheibriados
  8957 | D:10     | Noticed a hill giant
  8971 | D:10     | Killed a hill giant
  9781 | D:10     | Killed an unseen horror
 10231 | D:11     | Noticed a hill giant
 10237 | D:11     | Killed a hill giant
 10237 | D:11     | Reached skill level 10 in Fighting
 10263 | D:11     | Noticed a hill giant
 10272 | D:11     | Killed a hill giant
 10721 | D:11     | Noticed a cyclops
 10742 | D:11     | Killed a cyclops
 10840 | D:11     | Noticed a six-headed hydra
 10856 | D:11     | Killed a six-headed hydra
 10856 | D:11     | Reached XP level 12. HP: 18/108 MP: 20/20
 11421 | D:11     | Reached skill level 1 in Armour
 12035 | D:12     | Noticed Gastronok
 12054 | D:12     | Killed Gastronok
 12054 | D:12     | Reached skill level 5 in Dodging
 12137 | D:12     | Found a staircase to the Orcish Mines.
 12408 | D:12     | Reached skill level 5 in Armour
 12513 | Orc:1    | Entered Level 1 of the Orcish Mines
 12733 | Orc:2    | Entered Level 2 of the Orcish Mines
 12733 | Orc:2    | Found Diuqacy's General Store.
 12762 | Orc:2    | Bought a scroll of identify for 22 gold pieces
 12857 | Orc:2    | Noticed Nessos
 12872 | Orc:2    | Killed Nessos
 12988 | Orc:2    | Found a staircase to the Elven Halls.
 13020 | Orc:2    | Found a bloodstained altar of Trog.
 13273 | Orc:2    | Found Wizun's Gadget Boutique.
 13275 | Orc:2    | Reached XP level 13. HP: 102/115 MP: 15/21
 13276 | Orc:2    | Noticed an ogre mage
 13289 | Orc:2    | Killed an ogre mage
 13326 | Orc:2    | Noticed an ogre mage
 13329 | Orc:2    | Found Qoanank's Weapon Emporium.
 13329 | Orc:2    | Found Vathraom's Book Shop.
 13329 | Orc:2    | Found Puda's Antique Weapon Boutique.
 13495 | Orc:2    | Killed an ogre mage
 13742 | Orc:1    | Found Loacuine's Jewellery Boutique.
 13806 | Orc:1    | Bought the ring of Odeluhaj {-Tele MR++ Int-2 Dex+9 SInv} for 592 gold pieces
 13806 | Orc:1    | Bought a cursed +3 amulet of reflection for 330 gold pieces
 14206 | Lair:1   | Entered Level 1 of the Lair of Beasts
 14797 | Lair:1   | Noticed miau's ghost (journeyman FeWz)
 14805 | Lair:1   | Killed miau's ghost
 15206 | Lair:2   | Found a radiant altar of Vehumet.
 15757 | Lair:3   | Reached skill level 10 in Dodging
 15816 | Lair:3   | Found a dark tunnel.
 15868 | Volcano  | Entered a volcano
 15879 | Volcano  | Reached XP level 14. HP: 122/122 MP: 22/22
 16529 | Lair:3   | Reached skill level 10 in Armour
 16659 | Lair:4   | Noticed Nergalle
 16664 | Lair:4   | Killed Nergalle
 16721 | Lair:4   | Noticed Maud
 16764 | Lair:4   | Killed Maud
 16809 | Lair:4   | Found a staircase to the Snake Pit.
 18102 | Lair:5   | Reached skill level 1 in Bows
 18543 | Lair:5   | Reached skill level 2 in Bows
 18910 | Lair:6   | Reached skill level 3 in Bows
 18925 | Lair:6   | Found a labyrinth entrance.
 18941 | Lab      | Entered a labyrinth
 20659 | Lab      | Got a transparent jade ring
 20660 | Lab      | Got a steaming short sword
 20660 | Lab      | Got a faintly humming leather armour
 20747 | Lair:6   | Reached skill level 4 in Bows
 20785 | Lair:6   | Identified the +1 leather armour "Miloj" {rPois MR+ Str+7 Int-2} (You found it in a labyrinth)
 20855 | Lair:6   | Identified a scroll of acquirement
 20857 | Lair:6   | Identified the ring of Xaah {+Fly rF- MP+9 Int+6 Stlth+} (You found it in a labyrinth)
 21166 | Lair:6   | Found a viscous altar of Jiyva.
 21166 | Lair:6   | Found a staircase to the Slime Pits.
 21207 | Lair:6   | Reached XP level 15. HP: 117/128 MP: 23/23
 21215 | Lair:6   | Reached skill level 5 in Bows
 21303 | Lair:6   | Found a staircase to the Shoals.
 21988 | Lair:7   | Reached skill level 6 in Bows
 22246 | Lair:7   | Reached skill level 7 in Bows
 22528 | Lair:8   | Entered Level 8 of the Lair of Beasts
 22595 | Lair:8   | Reached skill level 8 in Bows
 22903 | Lair:8   | Reached skill level 9 in Bows
 24088 | D:13     | Noticed Snorg
 24096 | D:13     | Killed Snorg
 24096 | D:13     | Reached skill level 10 in Bows
 24172 | D:13     | Noticed Maurice
 24176 | D:13     | Killed Maurice
 24459 | D:13     | Found a flickering gateway to a bazaar.
 24465 | Bazaar   | Entered a bazaar
 24465 | Bazaar   | Found Zorch's Weapon Boutique.
 24465 | Bazaar   | Found Kuutoiff's Armour Shop.
 24465 | Bazaar   | Found Peush's Armour Shop.
 24488 | Bazaar   | Bought the +10 plate armour "Feneh" {rCorr Str-3 Int+6 Dex+4} for 901 gold pieces
 24488 | Bazaar   | Bought a +2 pair of gloves of archery for 193 gold pieces
 24581 | D:13     | Got a polished arbalest
 24582 | D:13     | Identified the +10 arbalest of Calculation {elec, Int+4 Stlth+} (You found it on level 13 of the Dungeon)
 25469 | D:14     | Reached skill level 11 in Bows
 25686 | D:14     | Reached XP level 16. HP: 106/136 MP: 24/24
 25797 | D:14     | Found a gate to the Vaults.
 26274 | D:14     | Reached skill level 12 in Bows
 26532 | D:15     | Entered Level 15 of the Dungeon
 26560 | D:15     | Found a staircase to the Depths.
 26562 | D:15     | Noticed PeterLawrence's ghost (adept MiFi)
 26608 | D:15     | Killed PeterLawrence's ghost
 26829 | D:15     | Noticed Urug
 26833 | D:15     | Killed Urug
 27025 | D:15     | Found Viq Umog's General Store.
 27036 | D:15     | Bought a potion of heal wounds for 75 gold pieces
 27036 | D:15     | Bought a potion of curing for 45 gold pieces
 27111 | D:15     | Reached skill level 13 in Bows
 27941 | Elf:1    | Entered Level 1 of the Elven Halls
 28307 | Elf:1    | Reached skill level 14 in Bows
 29207 | Elf:1    | Found a roughly hewn altar of Beogh.
 29266 | Elf:1    | Found a portal to a secret trove of treasure.
 29285 | Elf:1    | Reached XP level 17. HP: 133/143 MP: 25/25
 29310 | Elf:1    | Reached skill level 15 in Bows
 29552 | Elf:1    | Noticed Azrael
 29553 | Elf:1    | Killed Azrael
 29902 | Elf:2    | Found Enukhlau's Magic Scroll Emporium.
 29915 | Elf:2    | Bought a scroll of identify for 26 gold pieces
 29915 | Elf:2    | Bought a scroll of identify for 26 gold pieces
 29915 | Elf:2    | Bought a scroll of summoning for 123 gold pieces
 29915 | Elf:2    | Bought a scroll of summoning for 123 gold pieces
 29915 | Elf:2    | Bought a scroll of teleportation for 39 gold pieces
 29915 | Elf:2    | Bought 3 scrolls of blinking for 292 gold pieces
 29988 | Elf:2    | Found Xaqiud's General Store.
 29996 | Elf:2    | Bought a scroll of identify for 32 gold pieces
 30154 | Elf:2    | Found Cikeusch's Book Boutique.
 30159 | Elf:2    | Found Difinkett's Armour Shop.
 30179 | Elf:2    | Bought a +2 cloak of magic resistance for 279 gold pieces
 30428 | Elf:2    | Reached skill level 16 in Bows
 30448 | Elf:2    | Found a large runed door.
 30448 | Elf:2    | Found a large runed door.
 30474 | Elf:2    | Found a large runed door.
 30474 | Elf:2    | Found a large runed door.
 31131 | Elf:2    | Reached skill level 17 in Bows
 31489 | Snake:1  | Entered Level 1 of the Snake Pit
 31794 | Snake:1  | Noticed Aizul
 31803 | Snake:1  | Killed Aizul
 31806 | Snake:1  | Noticed Scytalen's ghost (adept OgCK)
 31845 | Snake:1  | Killed Scytalen's ghost
 31845 | Snake:1  | Reached XP level 18. HP: 59/149 MP: 26/26
 31945 | Snake:1  | Noticed Frances
 31954 | Snake:1  | Killed Frances
 32191 | Snake:1  | Found Xoher's Jewellery Boutique.
 32421 | Snake:2  | Reached skill level 18 in Bows
 32494 | Snake:2  | Noticed Agnes
 32497 | Snake:2  | Killed Agnes
 33447 | Snake:3  | Found Gubbamm's Antique Armour Emporium.
 33727 | Snake:3  | Reached skill level 19 in Bows
 34133 | Snake:4  | Entered Level 4 of the Snake Pit
 34241 | Snake:4  | Found Tiamuif's General Store.
 34249 | Snake:4  | Bought a scroll of magic mapping for 42 gold pieces
 34460 | Snake:4  | Found Zyagg's Armour Emporium.
 34577 | Snake:4  | Found Jiesu's Book Boutique.
 34677 | Snake:4  | Reached XP level 19. HP: 156/156 MP: 27/27
 34769 | Snake:4  | Noticed Roxanne
 34787 | Snake:4  | Killed Roxanne
 34787 | Snake:4  | Reached skill level 20 in Bows
 34789 | Snake:4  | Found Nuekhleoj's General Store.
 34832 | Snake:4  | Bought a scroll of identify for 30 gold pieces
 34832 | Snake:4  | Bought a scroll of identify for 30 gold pieces
 35044 | Snake:4  | Reached skill level 1 in Translocations
 35208 | Snake:4  | Got a serpentine rune of Zot
 35565 | Snake:3  | Reached skill level 5 in Translocations
 35722 | Shoals:1 | Entered Level 1 of the Shoals
 35723 | Shoals:1 | Found Ziurhiwu's Book Emporium.
 35810 | Shoals:1 | Noticed Donald
 35826 | Shoals:1 | Killed Donald
 35976 | Shoals:1 | Noticed Josephine
 35979 | Shoals:1 | Killed Josephine
 36949 | Shoals:2 | Reached XP level 20. HP: 170/170 MP: 28/28
 37379 | Shoals:2 | Got a slimy scale mail
 37380 | Shoals:2 | Identified the +3 scale mail of Issimeen {Slay+2} (You found it on level 2 of the Shoals)
 38213 | Shoals:3 | Noticed Nikola
 38224 | Shoals:3 | Killed Nikola
 38537 | Shoals:4 | Entered Level 4 of the Shoals
 38791 | Shoals:4 | Noticed Ilsuiw
 38804 | Shoals:4 | Killed Ilsuiw
 39159 | Shoals:4 | Learned a level 6 spell: Deflect Missiles
 39245 | Shoals:4 | Reached skill level 15 in Fighting
 39251 | Shoals:4 | Reached skill level 10 in Translocations
 39289 | Shoals:4 | Got a barnacled rune of Zot
 39884 | D:9      | Learned a level 3 spell: Portal Projectile
 39888 | D:9      | Learned a level 3 spell: Teleport Other
 39890 | D:9      | Learned a level 1 spell: Apportation
 39895 | D:9      | Learned a level 4 spell: Passage of Golubria
 40053 | Vaults:1 | Entered Level 1 of the Vaults
 40220 | D:14     | Reached XP level 21. HP: 172/184 MP: 29/29
 40530 | Vaults:1 | Found Zuhef's Antique Weapon Emporium.
 41959 | Vaults:2 | Found a staircase to the Crypt.
 42002 | Vaults:2 | Got a polished helmet
 42003 | Vaults:2 | Identified the +2 helmet "Rujiajig" {rPois} (You found it on level 2 of the Vaults)
 42083 | Vaults:2 | Noticed Jory
 42083 | Vaults:2 | Noticed Mennas
 42166 | Vaults:2 | Killed Jory
 42319 | Vaults:2 | Killed Mennas
 42343 | Vaults:2 | Found Uleam's General Store.
 42941 | Vaults:2 | Reached XP level 22. HP: 198/200 MP: 30/30
 43128 | Vaults:3 | Noticed Sojobo
 43145 | Vaults:3 | Reached skill level 1 in Spellcasting
 43175 | Vaults:3 | Killed Sojobo
 43834 | Vaults:3 | Reached skill level 5 in Spellcasting
 45116 | Vaults:4 | Found a gateway to a bazaar.
 45377 | Vaults:4 | Reached XP level 23. HP: 213/213 MP: 32/32
 45829 | Bazaar   | Entered a bazaar
 45831 | Bazaar   | Found Moim's Jewellery Boutique.
 45835 | Bazaar   | Found Lointiph's General Store.
 45835 | Bazaar   | Found Ruxaih's Food Boutique.
 45836 | Bazaar   | Found Lour's Food Boutique.
 45846 | Bazaar   | Bought a potion of curing for 33 gold pieces
 45865 | Bazaar   | Bought a meat ration for 35 gold pieces
 45865 | Bazaar   | Bought a meat ration for 35 gold pieces
 45865 | Bazaar   | Bought a meat ration for 35 gold pieces
 45865 | Bazaar   | Bought a meat ration for 35 gold pieces
 45865 | Bazaar   | Bought a meat ration for 35 gold pieces
 46536 | Elf:3    | Entered Level 3 of the Elven Halls
 46676 | Elf:3    | Found Idycasm's Gadget Shoppe.
 46686 | Elf:3    | Bought a wand of heal wounds (5/9) for 648 gold pieces
 46865 | Elf:3    | Got an ancient jade ring
 47399 | Elf:3    | Identified the ring of the Harvest {rPois MR+ EV+2 Dex+4} (You took it off a deep elf archer on level 3 of the Elven Halls)
 47412 | Elf:3    | Got a heavily runed plate armour
 47413 | Elf:3    | Identified the +10 plate armour "Lualafil" {-Cast MR+ rCorr Dex+5} (You found it on level 3 of the Elven Halls)
 47454 | Elf:3    | Identified Loxe's Almanac of Shape Shifting and Flight
 47459 | Elf:3    | Learned a level 2 spell: Repel Missiles
 47462 | Elf:3    | Got a sparkling bronze ring
 47472 | Elf:3    | Got a smoking hunting sling
 47473 | Elf:3    | Identified the +6 hunting sling of Parts Unknown {flame, rN+} (You found it on level 3 of the Elven Halls)
 47480 | Elf:3    | Identified the Disquisition on the Volcanoes and Necromancy
 47493 | Elf:3    | Got a glittering diamond amulet
 47496 | Elf:3    | Identified the amulet "Kosoet" {rC++ Regen+ MP+9} (You found it on level 3 of the Elven Halls)
 47558 | Elf:3    | Identified Sif Muna's Catalogue of the Glacier and Orientation
 47562 | Elf:3    | Got a crystal arbalest
 47563 | Elf:3    | Identified the +8 arbalest "Vemic" {speed, rC- rN++} (You found it on level 3 of the Elven Halls)
 47588 | Elf:3    | Got a warped hand crossbow
 47589 | Elf:3    | Identified the +10 hand crossbow of the Endless March {freeze, Str-4 Int+5 Dex+2} (You found it on level 3 of the Elven Halls)
 47747 | Elf:3    | Identified the ring "Dugusuuch" {*Tele *Drain rElec Str+3 Int+2} (You found it on level 3 of the Elven Halls)
 47957 | Depths:1 | Entered Level 1 of the Depths
 48471 | Depths:1 | Reached XP level 24. HP: 209/231 MP: 32/32
 48745 | Depths:1 | Found a gateway to a ziggurat.
 49077 | Depths:1 | Found a gateway to Hell.
 49268 | Depths:1 | Found a runed door.
 49678 | Depths:1 | Identified a +3 rod of inaccuracy (9/9) (You found it on level 1 of the Depths)
 50249 | Depths:2 | Noticed a juggernaut
 50249 | Depths:2 | an iron dragon changed into a juggernaut
 50254 | Depths:2 | Noticed a shard shrike
 50254 | Depths:2 | a shard shrike changed into a hellephant
 50262 | Depths:2 | Noticed a juggernaut
 50262 | Depths:2 | a hellephant changed into a juggernaut
 50267 | Depths:2 | Reached skill level 15 in Armour
 50275 | Depths:2 | Killed a juggernaut
 50340 | Depths:2 | Reached skill level 15 in Unarmed Combat
 50847 | Depths:2 | Identified the Guide on Damaging Feathers
 51037 | Depths:2 | Got a warped ivory ring
 51038 | Depths:2 | Identified the ring of Coph {SustAt rF- rC++ rN+ Int+4} (You found it on level 2 of the Depths)
 52193 | Depths:3 | Reached XP level 25. HP: 235/237 MP: 32/32
 52244 | Depths:3 | Found a one-way gate leading to the halls of Pandemonium.
 53514 | Depths:4 | Found a corrupted altar of Lugonu.
 53514 | Depths:4 | Found a one-way gate to the infinite horrors of the Abyss.
 53757 | Depths:4 | Found a gateway to a bazaar.
 53782 | Bazaar   | Entered a bazaar
 53782 | Bazaar   | Found Fani's Gadget Emporium.
 53797 | Bazaar   | Found Nilaas's General Store.
 53805 | Bazaar   | Bought 3 scrolls of enchant armour for 225 gold pieces
 53813 | Bazaar   | Found Uptossec's Magic Scroll Emporium.
 53820 | Bazaar   | Bought a scroll of enchant weapon for 105 gold pieces
 53820 | Bazaar   | Bought a scroll of enchant weapon for 105 gold pieces
 53820 | Bazaar   | Bought a scroll of enchant weapon for 105 gold pieces
 53820 | Bazaar   | Bought 2 scrolls of enchant armour for 210 gold pieces
 53820 | Bazaar   | Bought a scroll of magic mapping for 49 gold pieces
 53820 | Bazaar   | Found Koppuest's Assorted Antiques.
 53828 | Bazaar   | Bought a runed cloak for 72 gold pieces
 53828 | Bazaar   | Bought a potion of curing for 48 gold pieces
 53828 | Bazaar   | Bought a potion of heal wounds for 80 gold pieces
 53849 | Bazaar   | Bought a scroll of identify for 32 gold pieces
 53849 | Bazaar   | Bought 3 scrolls of identify for 96 gold pieces
 53849 | Bazaar   | Bought a scroll of identify for 32 gold pieces
 54245 | Depths:5 | Entered Level 5 of the Depths
 54479 | Depths:5 | Noticed a juggernaut
 54489 | Depths:5 | Killed a juggernaut
 54767 | Depths:5 | Found a gate to the Realm of Zot.
 54806 | Depths:5 | Reached skill level 21 in Bows
 54856 | Depths:5 | Reached skill level 1 in Evocations
 54892 | Depths:5 | Reached skill level 1 in Charms
 54988 | Depths:5 | Reached XP level 26. HP: 246/246 MP: 32/32
 55934 | Slime:1  | Entered Level 1 of the Pits of Slime
 56725 | Slime:2  | Reached skill level 5 in Charms
 57035 | Slime:3  | Noticed Dissolution
 57044 | Slime:3  | Killed Dissolution
 57571 | Slime:6  | Entered Level 6 of the Pits of Slime
 58067 | Slime:6  | Reached skill level 22 in Bows
 58093 | Slime:6  | Found a viscous altar of Jiyva.
 58310 | Slime:6  | Noticed the Royal Jelly
 58326 | Slime:6  | Killed the Royal Jelly
 58914 | Slime:6  | Got a slimy rune of Zot
 58968 | Slime:6  | Got a twitching pewter ring
 58969 | Slime:6  | Identified the ring of Fedhas's Hope {rPois MP+9 Str+5 Slay+3} (You found it on level 6 of the Pits of Slime)
 59859 | Vaults:5 | Entered Level 5 of the Vaults
 59859 | Vaults:5 | Noticed Frederick
 59887 | Vaults:5 | Reached XP level 27. HP: 221/252 MP: 32/32
 59904 | Vaults:5 | Reached skill level 1 in Air Magic
 59994 | Vaults:5 | Noticed Boris
 60008 | Vaults:5 | Killed Boris
 60066 | Vaults:5 | Killed Frederick
 60092 | Vaults:5 | Reached skill level 5 in Air Magic
 60239 | Vaults:5 | Noticed Xtahua
 60246 | Vaults:5 | Killed Xtahua
 60324 | Vaults:5 | Reached skill level 23 in Bows
 60612 | Vaults:5 | Got a flickering graven amulet
 60630 | Vaults:5 | Identified the amulet of Xom's Passing Interest {Regen+ Int+2 Slay+3} (You took it off an ironbrand convoker on level 5 of the Vaults)
 61055 | Vaults:5 | Identified Qeggoqit's Guide on the Damaging Birds
 61410 | Vaults:5 | Got a silver rune of Zot
 62226 | Snake:4  | Bought a potion of resistance for 150 gold pieces
 62828 | Zot:1    | Entered Level 1 of the Realm of Zot
 63217 | Zot:1    | Reached skill level 24 in Bows
 64502 | Zot:2    | Noticed an orb of fire
 64515 | Zot:2    | Killed an orb of fire
 64515 | Zot:2    | Reached skill level 25 in Bows
 65834 | Zot:3    | Reached skill level 26 in Bows
 68350 | Zot:5    | Entered Level 5 of the Realm of Zot
 68563 | Zot:5    | Noticed an ancient lich
 68563 | Zot:5    | Noticed an ancient lich
 68564 | Zot:5    | Noticed an ancient lich
 68564 | Zot:5    | Noticed an orb of fire
 68573 | Zot:5    | Noticed an ancient lich
 68576 | Zot:5    | Killed an ancient lich
 68595 | Zot:5    | Killed an ancient lich
 68615 | Zot:5    | Noticed an ancient lich
 68620 | Zot:5    | Killed an ancient lich
 68640 | Zot:5    | Killed an orb of fire
 68640 | Zot:5    | Reached skill level 27 in Bows
 68807 | Zot:5    | Noticed an ancient lich
 68809 | Zot:5    | Killed an ancient lich
 68818 | Zot:5    | Killed an ancient lich
 68851 | Zot:5    | Noticed an ancient lich
 68856 | Zot:5    | Killed an ancient lich
 68900 | Zot:5    | Noticed an ancient lich
 68903 | Zot:5    | Killed an ancient lich
 68966 | Zot:5    | Noticed an orb of fire
 68974 | Zot:5    | Killed an orb of fire
 69098 | Zot:5    | Killed an ancient lich
 69995 | Zot:5    | Noticed an ancient lich
 70001 | Zot:5    | Killed an ancient lich
 70155 | Zot:5    | Got the Orb of Zot
 70381 | Zot:2    | Noticed Jitsoesi the pandemonium lord
 70392 | Zot:2    | Killed Jitsoesi the pandemonium lord
 71024 | D:3      | Noticed a seraph
 71111 | D:$      | Escaped with the Orb!

Vault maps used:
D:1:      nicolae_arrival_memento_mori
D:2:      uniq_robin, uniq_iyjb
D:3:      lemuel_round_altar, vehumet_crystals, tgw_sif, first_bread,
          nemelex_deck, uniq_natasha
D:4:      kennysheep_little_box, minmay_temple_entry_water_ring,
          kennysheep_generic_room_15, uniq_crazy_yiuf_cottage
D:5:      gammafunk_temple_overflow_statue, uniq_edmund
D:6:      gammafunk_temple_overflow_pools, kennysheep_doodads
D:7:      basic_altar
D:8:      nicolae_ossuary_entry_plus, uniq_erolcha, uniq_psyche, uniq_erica
D:9:      minmay_lair_entry_lava, serial_shops, shop, nicolae_shop_trees
D:12:     orc_0_dummy, uniq_gastronok
D:13:     serial_shops, bzr_entry_safe, hangedman_little_slice_of_home,
          minmay_dual_archer_statues, uniq_maurice, uniq_snorg
D:14:     david_vaults_4, serial_ice, serial_ice_c, serial_ice_f, serial_ice_n,
          serial_ice_j, dk_noncrumbling_4
D:15:     grunt_enter_depths_giant_problem, serial_shops, shop_fountains,
          wad_floor_pattern_1, nicolae_two_hexagons, minmay_unpleasant_kobolds,
          uniq_urug
Temple:   circular_temple_12
Lair:1:   grunt_megastairs_3, lemuel_fruit_tree, infiniplex_staircase_pool
Lair:2:   basic_altar, grunt_megastairs_4
Lair:3:   enter_volcano_2
Lair:4:   gammafunk_lair_enchanted_lake, guppyfry_snake_entry_garden, uniq_maud,
          uniq_nergalle
Lair:5:   grunt_megastairs_2
Lair:6:   elwin_shoals_entry_rocks, slime_altar_1, lab_entry_generic,
          portal_ice_cave_entry_ice_beasts, grunt_megastairs_1
Lair:7:   hangedman_lair_generics_rect
Lair:8:   minmay_lair_end_frog_pond, lemuel_fruit_fields
Shoals:1: serial_shops, shop, nicolae_shoals_circle_sea_wall, st_sunken_temple,
          uniq_josephine, uniq_donald
Shoals:2: uniq_polyphemus
Shoals:3: uniq_nikola
Shoals:4: shoals_end_hangedman, shoals_ilsuiw_ice
Snake:1:  serial_shops, nicolae_shop_trees, uniq_frances, uniq_agnes, uniq_aizul
Snake:2:  serial_bayou_shore_a
Snake:3:  serial_shops, shop
Snake:4:  snake_hunt, serial_shops, nicolae_shop_behind_doors,
          nicolae_shop_statue_plus, nicolae_shop_crystal, shop,
          grunt_ministairs_8, uniq_roxanne
Slime:2:  nicolae_slime_welcoming_committee
Slime:3:  uniq_dissolution
Slime:4:  basic_altar
Orc:1:    serial_shops, nicolae_shop_trees
Orc:2:    st_orc_open, serial_shops, shop, bloody_trog, uniq_nessos
Elf:1:    eino_elf_arrival_customs, special_room, enter_trove_2,
          hangedman_corner_corridor, uniq_azrael
Elf:2:    serial_shops, shop, shop_fountains, nicolae_shop_stone,
          nicolae_shop_stone, minivault_16
Elf:3:    grunt_elf_hall_branching, serial_shops, shop_statue
Vaults:1: st_octagons_1, v_rooms_4, vaults_room_pools, v_misc_33,
          v_alt_pattern_1, v_misc_3, nicolae_vaults_diagonal_hallway_7,
          vaults_dpeg_hooks, ontoclasm_vaults_chip,
          ontoclasm_vaults_decontamination, serial_shops, shop
Vaults:2: minmay_crypt_entry_skeletal_spiral, ontoclasm_vaults_loading_screen,
          v_pattern_3, nicolae_vaults_three_branches, vaults_room_pool,
          ontoclasm_vaults_ring_square, v_misc_23, vaults_room_grid,
          vaults_room_pool, vaults_room_pool, ontoclasm_vaults_gateway,
          serial_shops, shop, uniq_jory, uniq_mennas
Vaults:3: nicolae_vaults_minivaults, vaults_mumra_minichess,
          ontoclasm_vaults_idyll, vaults_room_boxed, v_misc_18, v_pattern_2,
          ontoclasm_vaults_idyll, vaults_room_door_hall, grunt_vaults_focal,
          nicolae_vaults_little_squares_3, grunt_vaults_funnel, uniq_sojobo
Vaults:4: vaults_room_pool, v_misc_25, v_misc_32, nicolae_vaults_what_the_h,
          hangedman_vaults_cutoff, vaults_standard_mumra_lines,
          hangedman_vaults_cutoff, v_pattern_4, vaults_room_octagon,
          vaults_dpeg_ring, v_misc_23, vaults_room_hallway,
          grunt_vaults_diagonal, vaults_room_glass_cross, serial_shops,
          bzr_in_the_mist
Vaults:5: uniq_xtahua, uniq_boris, uniq_frederick
Depths:1: enter_ziggurat_d, minmay_strange_pillars, special_room, hell_entry,
          minmay_crystal_box
Depths:2: radiant_caverns_b_rkd, hell_entry
Depths:3: minmay_curly_fans, hangedman_tar_grid_catacomb, nicolae_wwwww,
          rand_demon_pan_entry_8, infiniplex_staircase_door_maze
Depths:4: hangedman_stitches_corridor, nrook_mini_vaults,
          abyss_entry_flame_altar, hell_entry, serial_shops, bzr_entry_dummy,
          minmay_staircase_windowed_small
Depths:5: evilmike_zot_entry_gauntlet, serial_bayou_pond_c, pan_entry,
          hell_entry, serial_bayou_shore_b, serial_bayou_shore_b,
          basic_stair_grate_trap
Zot:2:    hangedman_orp_of_zott
Zot:3:    st_stairs_10, stair_cage_line, st_small_dragon_hoard_2
Lab:      labyrinth_skeletal_remains
Bazaar:   bazaar_outfitter, bazaar_minmay_cross, bazaar_kb_twisted_cavern
Volcano:  volcano_caves

Skill      XL: |  1  2  3  4  5  6  7  8  9 10 11 12 13 14 15 16 17 18 19 20 21 22 23 24 25 26 27 |
---------------+----------------------------------------------------------------------------------+-----
Unarmed Combat | 5 6 7 8 9 10 12 13 15 18 | 18.1
Fighting       | 4 5 7 10 12 15 17 19 21 26 | 26.9
Invocations    | 3 6 8 11 13 | 13.1
Armour         | 6 9 11 12 16 18 | 18.2
Dodging        | 7 10 11 13 | 13.0
Bows           | 4 11 14 17 19 20 21 22 27 | 27.0
Translocations | 6 10 12 | 12.8
Spellcasting   | 7 |  7.0
Evocations     | 1 |  1.7
Charms         | 1 9 |  9.4
Air Magic      | 6 |  6.0
Stealth        | |  2.1

Action                   |  1- 3 |  4- 6 |  7- 9 | 10-12 | 13-15 | 16-18 | 19-21 | 22-24 | 25-27 || total
-------------------------+-------+-------+-------+-------+-------+-------+-------+-------+-------++-------
Melee: Unarmed           |   174 |   188 |   298 |   694 |  1431 |   471 |    78 |    55 |   104 ||  3493
       Longbow           |       |       |       |       |       |       |       |       |     1 ||     1
 Fire: Longbow           |       |       |       |       |    46 |   846 |  1358 |  1568 |  2860 ||  6678
 Cast: Portal Projectile |       |       |       |       |       |       |       |     8 |     5 ||    13
       Blink             |       |       |       |       |       |       |       |       |     3 ||     3
       Repel Missiles    |       |       |       |       |       |       |       |       |     2 ||     2
Invok: Slouch            |       |       |       |     5 |    12 |    11 |     8 |    14 |     9 ||    59
       Temporal Distorti |       |       |       |     1 |       |       |       |       |       ||     1
       Step From Time    |       |       |       |       |       |     1 |       |       |       ||     1
       Bend Time         |       |       |       |       |       |     1 |       |       |       ||     1
Evoke: Wand              |       |       |       |     6 |       |       |       |       |    28 ||    34
  Use: Scroll            |       |       |    10 |     7 |    22 |     8 |    10 |     7 |    50 ||   114
       Potion            |       |       |       |     3 |     7 |     1 |     3 |     1 |     8 ||    23
 Stab: Sleeping          |       |       |       |     1 |    16 |       |       |       |       ||    17
       Distracted        |       |       |       |       |     3 |       |       |       |       ||     3
  Eat: Chunk             |     9 |    11 |    19 |    76 |   146 |   103 |    38 |    95 |   160 ||   657
       Beef jerky        |       |       |     1 |       |     1 |     1 |       |     1 |       ||     4
       Pizza             |       |       |       |       |     1 |       |       |       |       ||     1
       Meat ration       |       |       |       |       |       |       |       |       |     1 ||     1
       Royal jelly       |       |       |       |       |       |       |       |       |     1 ||     1
